 Dungeon Crawl Stone Soup version 0.28-a0-1545-g945cd3f27e (webtiles) character file.

Game seed: 12357387987338656389

94 Essalna the Conjurer (level 4, -6/33 HPs)
             Began as a Demigod Conjurer on Jan 18, 2022.
             Mangled by a black bear (8 damage)
             ... on level 4 of the Dungeon.
             The game lasted 00:03:47 (3016 turns).

Essalna the Conjurer (Demigod Conjurer)             Turns: 3016, Time: 00:03:48

Health: -6/33      AC:  2    Str:  8    XL:     4   Next: 16%
Magic:  0/11       EV: 12    Int: 24    God:
Gold:   108        SH:  0    Dex: 12    Spells: 6/9 levels left

rFire   . . .      SeeInvis .   f - +1 dagger (elec)
rCold   . . .      Faith    .   (no shield)
rNeg    . . .      Spirit   .   a - +0 robe
rPois   .          Reflect  .   (no helmet)
rElec   .          Harm     .   (no cloak)
rCorr   .          Rampage  .   (no gloves)
Will    .....                   (no boots)
Stlth   ++........              (no amulet)
HPRegen 0.11/turn               (no ring)
MPRegen 0.12/turn               (no ring)

@: no status effects
A: high mp 1, forlorn, divine attributes
a: no special abilities


You were on level 4 of the Dungeon.
You visited 1 branch of the dungeon, and saw 4 of its levels.

You collected 108 gold pieces.

Inventory:

Hand Weapons
 b - a +0 whip
 f - a +1 dagger of electrocution (weapon)
Missiles
 l - a throwing net
Armour
 a - a +0 robe (worn)
Scrolls
 c - 2 scrolls of identify {unknown}
 e - a scroll of teleportation {unknown}
 h - a scroll of immolation {unknown}
 i - a scroll of fog {unknown}
 k - a scroll of silence {unknown}
Potions
 d - a potion of brilliance {unknown}
 g - a potion of magic {unknown}
 j - a potion of berserk rage {unknown}
 m - a potion of might {unknown}
 n - a potion of curing {unknown}


   Skills:
 - Level 1.7 Dodging
 - Level 1.7 Stealth
 + Level 3.0 Spellcasting
 + Level 4.5 Conjurations


You had 6 spell levels left.
You knew the following spells:

 Your Spells              Type           Power      Damage    Failure   Level
a - Magic Dart            Conj           100%       1d8       1%          1
b - Searing Ray           Conj           50%        2d6       2%          2

Your spell library contained the following spells:

 Spells                   Type           Power      Damage    Failure   Level
 Dazzling Flash           Conj/Hex       28%        N/A       13%         3
 Tukima's Dance           Hex            3%         N/A       32%         3
 Fulminant Prism          Conj/Hex       7%         3d7       38%         4
 Iskenderun's Mystic Bla  Conj/Tloc      14%        2d5       38%         4
 Anguish                  Hex/Necr       1%         N/A       71%         4
 Enfeeble                 Hex            1%         N/A       100%        7


Dungeon Overview and Level Annotations

Branches:
Dungeon (4/15)
 Temple: D:4-7

Annotations:
D:1 1 runed translucent door


Innate Abilities, Weirdness & Mutations

You have an increased reservoir of magic. (+10% MP)
You shall have no god before yourself.
Your divine heritage dramatically boosts your attributes as you level up.


Message History

(Press . to maintain the ray.)
The searing ray misses the black bear.
The searing ray hits the black bear.
The black bear is heavily wounded.
The searing ray hits the black bear.
The black bear is severely wounded.
You finish channelling your searing ray.
The black bear misses you. The black bear barely misses you.
The black bear claws you.
Casting: Searing Ray (safe; 2% risk of failure)
Confirm with . or Enter, or press ? or * to list all spells.
Aiming: Searing Ray (safe; 2% risk of failure)
Press: ? - help, Shift-Dir - straight line, f/p - black bear
Aim: a black bear (severely wounded, 85% to hit)
The searing ray misses the black bear. (Press . to maintain the ray.)
The black bear barely misses you. The black bear claws you. x2
The searing ray hits the black bear.
The black bear is almost dead.
The black bear goes berserk!
Without enough magic to sustain it, your searing ray dissipates.
The black bear bites you. The black bear barely misses you.
The black bear claws you. The black bear misses you. The black bear claws you.
The black bear closely misses you.
You completely miss the black bear.
The black bear is almost dead.
The black bear barely misses you.
The black bear claws you but does no damage. x2
You hit the black bear.
The black bear is almost dead.
The black bear bites you but does no damage.
The black bear claws you. x2; The black bear bites you.
The black bear claws you.
* * * LOW HITPOINT WARNING * * *
The black bear claws you.
* * * LOW HITPOINT WARNING * * *
You hit the black bear but do no damage.
The black bear is almost dead.
The black bear bites you!
You die...

### .### .) ...
.. ..## #. ...
#.#..####
#....... #....#
#@..#
#..(h.....#
...............
..##.........##
###....####
#....# #....#
#.#...


You could see a black bear (berserk).

Vanquished Creatures
  An iguana (D:3)
  A worm (D:3)
  5 dart slugs
  An orc (D:3)
  3 bats
  4 endoplasms
  4 giant cockroaches
  7 goblins
  6 hobgoblins
  A quokka (D:1)
  8 ball pythons
  3 frilled lizards
  6 kobolds
  A rat (D:1)
51 creatures vanquished.

Notes
Turn   | Place    | Note
-------+----------+-------------------------------------------
     0 | D:1      | Essalna the Demigod Conjurer began the quest for the Orb.
     0 | D:1      | Reached XP level 1. HP: 14/14 MP: 5/5
     1 | D:1      | Found a runed translucent door.
   309 | D:1      | Reached XP level 2. HP: 10/20 MP: 1/7
   628 | D:1      | Reached skill level 4 in Conjurations
  1052 | D:1      | Reached XP level 3. HP: 26/26 MP: 2/9
  2764 | D:3      | Learned a level 2 spell: Searing Ray
  2886 | D:3      | Reached XP level 4. HP: 33/33 MP: 4/11
  3002 | D:4      | Noticed a black bear
  3016 | D:4      | Mangled by a black bear

Illustrated notes

Levels and vault maps discovered:
D:1:      dpeg_arrival_caged_fury, layout_loops_ring,
          hellmonk_ecumenical_altar_lost_god, minmay_tetromino_s2
D:2:      layout_loops_ring
D:3:      layout_loops_cross, general_overflow_altar, serial_glass,
          glass_columns_a, glass_columns_a, glass_columns_b, glass_columns_c
D:4:      layout_loops_ring, nzn_wu_jian_council_hall, zin_academy,
          gammafunk_ghost_mausoleum, uniq_natasha

Skill      XL: |  1  2  3 |
---------------+----------+-----
Spellcasting   | 2 3 |  3.0
Conjurations   | 4 |  4.5
Dodging        | |  1.7
Stealth        | |  1.7

Action                   |  1- 3 |  4- 6 || total
-------------------------+-------+-------++-------
Melee: Unarmed           |     9 |       ||     9
       Whip              |     9 |       ||     9
       Dagger            |     6 |     3 ||     9
 Cast: Magic Dart        |    94 |     4 ||    98
       Searing Ray       |     1 |     2 ||     3
 Stab: Sleeping          |     1 |       ||     1
Armor: Robe              |     5 |     3 ||     8
Dodge: Dodged            |    39 |     7 ||    46

Table legend: (Time is in decaauts)
 A = Elapsed time spent in this place.
 B = Non-inter-level travel time spent in this place.
 C = Inter-level travel time spent in this place.
 D = Time resting spent in this place.
 E = Time spent auto-exploring this place.
 F = Levels seen in this place.
 G = Mean time per level.
                   A        B        C        D        E       F      G
               +--------+--------+--------+--------+--------+-----+--------+
         Total |   3015 |   2945 |     70 |      0 |   2654 |   4 |  753.8 |
       Dungeon |   3015 |   2945 |     70 |      0 |   2654 |   4 |  753.8 |
               +--------+--------+--------+--------+--------+-----+--------+

Top non-repeatable levels by time:
     D:1: 1306 daAuts
     D:2: 886 daAuts
     D:3: 808 daAuts
     D:4: 13 daAuts
